 Dungeon Crawl Stone Soup version 0.30-a0-591-g3c58d2bc28 (webtiles) character file.

Game seed: 17124295312482071206

67 gelatine the Firebug (level 3, 0/25 HPs)
             Began as a Demonspawn Fire Elementalist on Jan 5, 2023.
             Slain by Natasha (8 damage)
             ... on level 2 of the Dungeon.
             The game lasted 00:04:01 (1273 turns).

gelatine the Firebug (Demonspawn Fire Elementalist) Turns: 1273, Time: 00:04:02

Health: 0/25       AC:  2    Str:  8    XL:     3   Next: 98%
Magic:  0/6        EV: 12    Int: 18    God:
Gold:   89         SH:  0    Dex: 17    Spells: 3/6 levels left

rFire   . . .      SeeInvis .    e - +0 short sword
rCold   . . .      Faith    .    (no shield)
rNeg    . . .      Spirit   .    a - +0 robe
rPois   .          Reflect  .    (no helmet)
rElec   .          Harm     .    (no cloak)
rCorr   .          Rampage  .    (no gloves)
Will    .....                    (no boots)
Stlth   ++++                     d - amulet of regeneration
HPRegen 1.04/turn                (no ring)
MPRegen 0.10/turn                (no ring)

@: very slightly contaminated, slowed, very slow
A: thin skeletal structure 2
a: no special abilities


You were on level 2 of the Dungeon.
You visited 1 branch of the dungeon, and saw 2 of its levels.

You collected 89 gold pieces.

Inventory:

Hand Weapons
 e - a +0 short sword (weapon)
Armour
 a - a +0 robe (worn)
Jewellery
 d - an amulet of regeneration (around neck)
Wands
 k - a wand of mindburst (10)
Scrolls
 c - a scroll of immolation {unknown}
 j - a scroll of identify {unknown}
 l - 2 scrolls of teleportation {unknown}
Potions
 b - 2 potions of magic
 f - 2 potions of attraction {unknown}
 g - a potion of berserk rage {unknown}
 h - a potion of degeneration {unknown}
 i - 3 potions of curing {unknown}


   Skills:
 * Level 0.6 Fighting
 * Level 0.5 Short Blades
 * Level 2.0 Dodging
 * Level 2.0 Stealth
 + Level 0.1 Unarmed Combat
 + Level 2.4 Spellcasting
 * Level 1.7 Conjurations
 * Level 3.4 Fire Magic


You had 3 spell levels left.
You knew the following spells:

 Your Spells              Type           Power      Damage    Failure   Level
a - Foxfire               Conj/Fire      44%        2x1d6     6%          1
b - Scorch                Fire           28%        2d6       6%          2

Your spell library contained the following spells:

 Spells                   Type           Power      Damage    Failure   Level
 Inner Flame              Hex/Fire       8%         N/A       26%         3
 Kindle Blastsparks       Fire/Tloc/Air  12%        2d11      32%         3
 Flame Wave               Conj/Fire      11%        2d6       52%         4
 Chain Lightning          Conj/Air       2%         3d3       100%        9
 Fire Storm               Conj/Fire      5%         8d2       100%        9
 Shatter                  Erth           1%         3d5*      100%        9


Dungeon Overview and Level Annotations

Branches:
Dungeon (2/15)

Altars:

Annotations:
D:2 Natasha


Innate Abilities, Weirdness & Mutations

You have a moderately thin skeletal structure. (Dex +4, Stealth++)


Message History

Natasha is moderately wounded.
Natasha claws you but does no damage. Natasha claws you!
Ouch! That really hurt!
Casting: Foxfire (safe; 6% risk of failure)
Confirm with . or Enter, or press ? or * to list all spells.
You conjure some foxfire!
The foxfire hits Natasha.
Natasha is heavily wounded.
Natasha barely misses you.
Casting: Foxfire (safe; 6% risk of failure)
Confirm with . or Enter, or press ? or * to list all spells.
You don't have enough magic to cast this spell.
You closely miss Natasha.
Natasha is heavily wounded.
The foxfire hits Natasha but does no damage.
Natasha is heavily wounded.
Natasha barely misses you.
Natasha stares at you and mumbles some strange words.
You feel as though you will be slow longer.
The foxfire hits Natasha.
Natasha is severely wounded.
Natasha misses you.
You barely miss Natasha.
Natasha is heavily wounded.
Natasha casts a spell.
Natasha claws you!
Ouch! That really hurt!
* * * LOW HITPOINT WARNING * * *
Casting: Foxfire (safe; 6% risk of failure)
Confirm with . or Enter, or press ? or * to list all spells.
You don't have enough magic to cast this spell.
Unknown command.
Casting: Foxfire (safe; 6% risk of failure)
Confirm with . or Enter, or press ? or * to list all spells.
You miscast Foxfire.
You are very lightly contaminated with residual magic.
Nothing appears to happen.
Natasha barely misses you.
You hit Natasha. You punch Natasha, but do no damage.
Natasha is severely wounded.
Natasha claws you!
You die...

#..... #...........#
#..... #...........#
#..... #...........#
#.....### #...........#
#.......####........)..#
#.......#..............#
#.......#..............##
+...†...'h5.............+
#......v#@.............##.
##########..........†..##.
###..............
##########.....
######..... #..........
######..........
#....#..........
#....#........##


You could see Natasha (strong) and a white imp (summoned).

Vanquished Creatures
  Natasha (D:2)
  An adder (D:2)
  7 bats
  3 endoplasms
  A giant cockroach (D:1)
  2 goblins (D:1)
  4 hobgoblins
  4 kobolds
  2 quokkas
  3 frilled lizards
28 creatures vanquished.

Vanquished Creatures (others)
  101 foxfires
101 creatures vanquished.

Grand Total: 129 creatures vanquished

Notes
Turn   | Place    | Note
-------+----------+-------------------------------------------
     0 | D:1      | gelatine the Demonspawn Fire Elementalist began the quest
                  | for the Orb.
     0 | D:1      | Reached XP level 1. HP: 13/13 MP: 3/3
   229 | D:1      | Reached skill level 3 in Fire Magic
   288 | D:1      | Gained mutation: You have a somewhat thin skeletal
                  | structure. (Dex +2, Stealth+) [demonic ancestry]
   288 | D:1      | Reached XP level 2. HP: 19/19 MP: 0/5
   914 | D:2      | Gained mutation: You have a moderately thin skeletal
                  | structure. (Dex +4, Stealth++) [demonic ancestry]
   914 | D:2      | Reached XP level 3. HP: 15/24 MP: 6/6
   917 | D:2      | Learned a level 2 spell: Scorch
  1051 | D:2      | Noticed Natasha
  1057 | D:2      | Killed Natasha
  1261 | D:2      | Noticed Natasha
  1273 | D:2      | Slain by Natasha

Illustrated notes

Levels and vault maps discovered:
D:1:      dpeg_arrival_long_road, layout_rooms
D:2:      layout_basic, uniq_terence, uniq_crazy_yiuf_cottage, uniq_natasha,
          uniq_jessica

Skill      XL: |  1  2  3 |
---------------+----------+-----
Fire Magic     | 3 |  3.4
Stealth        | 2 |  2.0
Dodging        | 2 |  2.0
Fighting       | |  0.6
Short Blades   | |  0.5
Unarmed Combat | |  0.1
Spellcasting   | |  2.4
Conjurations   | |  1.7

Action                   || total
-------------------------++-------
Melee: Unarmed           ||    17
       Punch             ||     2
       Short sword       ||    37
 Cast: Foxfire           ||    56
       Scorch            ||     1
 Stab: Sleeping          ||     1
Armor: Robe              ||    18
Dodge: Dodged            ||    46

Table legend: (Time is in decaauts)
 A = Elapsed time spent in this place.
 B = Non-inter-level travel time spent in this place.
 C = Inter-level travel time spent in this place.
 D = Time resting spent in this place.
 E = Time spent auto-exploring this place.
 F = Levels seen in this place.
 G = Mean time per level.
                   A        B        C        D        E       F      G
               +--------+--------+--------+--------+--------+-----+--------+
         Total |   1276 |   1256 |     20 |      0 |    982 |   2 |  638.0 |
       Dungeon |   1276 |   1256 |     20 |      0 |    982 |   2 |  638.0 |
               +--------+--------+--------+--------+--------+-----+--------+

Top non-repeatable levels by time:
     D:1: 728 daAuts
     D:2: 547 daAuts
